 Dungeon Crawl Stone Soup version 0.26.1-10-gdfb7c7de75 (webtiles) character file.

Game seed: 5291095585529418282

21 infcreate the Covered (level 2, 25/25 HPs)
             Began as a Barachi Fighter on Apr 4, 2021.
             Quit the game on level 2 of the Dungeon.
             The game lasted 00:00:54 (409 turns).

infcreate the Covered (Barachi Fighter)              Turns: 409, Time: 00:00:55

Health: 25/25      AC:  7    Str: 17    XL:     2   Next: 87%
Magic:  2/2        EV:  7    Int:  8    God:
Gold:   7          SH:  9    Dex: 11    Spells: 1/1 levels left

rFire    . . .     SeeInvis .   a - +0 long sword
rCold    . . .     Faith    .   c - +0 kite shield
rNeg     . . .     Spirit   .   b - +0 scale mail
rPois    .         Reflect  .   (no helmet)
rElec    .         Harm     .   (no cloak)
rCorr    .         Rampage  .   (no gloves)
Will     .....                  (no boots)
Stlth    ..........             (no amulet)
HPRegen  0.08/turn              (no ring)
MPRegen  0.08/turn              (no ring)

@: slow
A: +LOS, swims, slowness 1, strong legs 1
a: Hop


You were on level 2 of the Dungeon.
You visited 1 branch of the dungeon, and saw 2 of its levels.

You collected 7 gold pieces.


Innate Abilities, Weirdness & Mutations

You can be seen from farther away. (+LOS)
You can swim through water.
You cover ground slowly.
You can hop short distances.


   Skills:
 + Level 4.0 Fighting
 + Level 2.9 Long Blades
 + Level 4.0 Armour
 + Level 3.6 Shields


You had one spell level left.
You didn't know any spells.
Your spell library contained the following spells:

 Spells                   Type           Power        Failure   Level
 Confusing Touch          Hex            0%           100%        3
 Gell's Gravitas          Tloc           0%           100%        3
 Petrify                  Tmut/Erth      0%           100%        4
 Metabolic Englaciation   Hex/Ice        0%           100%        5
 Yara's Violent Unravell  Hex/Tmut       0%           100%        5

Inventory:

Hand Weapons
 a - a +0 long sword (weapon)
Armour
 b - a +0 scale mail (worn)
 c - a +0 kite shield (worn)
Jewellery
 e - an uncursed ring of wizardry {unknown}
Scrolls
 f - a scroll of random uselessness {unknown}
 g - a scroll of fear {unknown}
Potions
 d - a potion of might

Dungeon Overview and Level Annotations

Branches:
Dungeon (2/15)

Altars:

Annotations:
D:2 Jessica

#.# #.# #.#
#.# #.#
####.# #....#
##.#### #.@.#
#............
#.#...######@
#.##$## # #.#
#.# #.# #..
###


You could see Jessica.


Message History

The adder bites you. You block the adder's attack.
You barely miss the adder.
The adder is heavily wounded.
You block the adder's attack.
You hit the adder.
You kill the adder!
Your Fighting skill increases to level 4!
Your Armour skill increases to level 4!
No target in view!
No target in view!
HP restored.
You see here a kobold corpse.
You pick up a book of Misfortune and begin reading...
You add the spells Confusing Touch, Gell's Gravitas, Petrify, Metabolic Englaciation and Yara's Violent Unravelling to your library.
Found a dagger.
Found a hand axe.
You see here a dagger.
You see here a hand axe.
Found a mace.
You see here a mace.
Found 10 gold pieces.
Jessica the Apprentice Sorceress comes into view.
She is wielding a +0 club.
Jessica shouts!
Jessica casts a spell at you. You resist with some effort.
Saving game... please wait.
Level annotation: Jessica Welcome back, infcreate the Barachi Fighter.
Press ? for a list of commands and other information.
Are you sure you want to abandon this character and quit the game? (Confirm with "yes".)

Skill      XL: |  1  2 |
---------------+-------+-----
Fighting       | 4 |  4.0
Armour         | 4 |  4.0
Long Blades    | |  2.9
Shields        | |  3.6

Action                   || total
-------------------------++-------
Melee: Long sword        ||    34
Armor: Scale mail        ||    37
Dodge: Dodged            ||    20
Block: Kite shield       ||    33
       Rpst.: Long sword ||     7

Levels and vault maps discovered:
D:1:      heliophobic_arrival_enchanted_forest, layout_basic, minmay_hexomino_u4
D:2:      layout_loops_ring, minmay_increasing_density, uniq_jessica

Notes
Turn   | Place    | Note
-------+----------+-------------------------------------------
     0 | D:1      | infcreate the Barachi Fighter began the quest for the Orb.
     0 | D:1      | Reached XP level 1. HP: 18/18 MP: 1/1
   104 | D:1      | Reached XP level 2. HP: 17/25 MP: 2/2
   313 | D:2      | Reached skill level 4 in Fighting
   313 | D:2      | Reached skill level 4 in Armour
   408 | D:2      | Noticed Jessica
   409 | D:2      | Quit the game

Vanquished Creatures
  An adder (D:2)
  A bat (D:1)
  A giant cockroach (D:1)
  2 goblins (D:1)
  2 hobgoblins (D:1)
  2 kobolds
  2 rats
11 creatures vanquished.

Table legend: (Time is in decaauts)
 A = Elapsed time spent in this place.
 B = Non-inter-level travel time spent in this place.
 C = Inter-level travel time spent in this place.
 D = Time resting spent in this place.
 E = Time spent auto-exploring this place.
 F = Levels seen in this place.
 G = Mean time per level.
                   A        B        C        D        E       F      G
               +--------+--------+--------+--------+--------+-----+--------+
         Total |    469 |    437 |     32 |      0 |    317 |   2 |  234.5 |
       Dungeon |    469 |    437 |     32 |      0 |    317 |   2 |  234.5 |
               +--------+--------+--------+--------+--------+-----+--------+

Top non-repeatable levels by time:
     D:1: 338 daAuts
     D:2: 130 daAuts

Table legend:
 A = Non-vault XP
 B = Vault XP
 C = Vault XP percentage of total XP
 D = Non-vault monster count
 E = Vault monster count
 F = Vault count percentage of total count
                 A         B        C        D         E       F
            +---------+---------+-------+---------+---------+-------
      Total |      21 |      10 |  32.3 |       6 |       5 |  45.5
            +---------+---------+-------+---------+---------+-------
        D:1 |       5 |      10 |  66.7 |       3 |       5 |  62.5
        D:2 |      16 |       0 |   0.0 |       3 |       0 |   0.0
            +---------+---------+-------+---------+---------+-------
